 Dungeon Crawl Stone Soup version 0.27-a0-1365-ge71e8f7681 (webtiles) character file.

Game seed: 13319064617405649996

21 HAL9000 the Sneak (level 2, -6/15 HPs)
             Began as a Vine Stalker Brigand on June 28, 2021.
             Mangled by Sigmund (10 damage)
             ... on level 2 of the Dungeon.
             The game lasted 00:01:59 (957 turns).

HAL9000 the Sneak (Vine Stalker Brigand)             Turns: 957, Time: 00:02:00

Health: -6/15      AC:  3    Str: 13    XL:     2   Next: 83%
Magic:  0/3        EV: 11    Int: 11    God:
Gold:   39         SH:  0    Dex: 15    Spells: 1/1 levels left

rFire    . . .     SeeInvis .   a - +2 dagger
rCold    . . .     Faith    .   (no shield)
rNeg     . . .     Spirit   +   b - +0 robe
rPois    .         Reflect  .   (no helmet)
rElec    .         Harm     .   c - +0 cloak
rCorr    .         Rampage  .   (no gloves)
Will     .....                  (no boots)
Stlth    +++.......             (no amulet)
HPRegen  0.05/turn              (no ring)
MPRegen  0.08/turn              (no ring)

@: no status effects
A: fangs 2, magic shield, antimagic bite, no potion heal 2
a: no special abilities


You were on level 2 of the Dungeon.
You visited 1 branch of the dungeon, and saw 2 of its levels.

You collected 39 gold pieces.

Inventory:

Hand Weapons
 a - a +2 dagger (weapon)
Missiles
 d - 8 poisoned darts (quivered)
 e - 2 curare-tipped darts
Armour
 b - a +0 robe (worn)
 c - a +0 cloak (worn)
Scrolls
 f - a scroll of enchant armour {unknown}
 g - a scroll of acquirement {unknown}
 i - a scroll of silence {unknown}
Potions
 h - a potion of curing {unknown}


   Skills:
 - Level 1.7 Fighting
 + Level 2.2 Short Blades
 - Level 2.5 Throwing
 - Level 0.7 Dodging
 - Level 4.8 Stealth


You had one spell level left.
You didn't know any spells.
Your spell library contained the following spells:

 Spells                   Type           Power      Damage    Failure   Level
 Confusing Touch          Hex            0%         N/A       71%         3
 Gell's Gravitas          Tloc           0%         N/A       71%         3
 Petrify                  Tmut/Erth      0%         N/A       98%         4
 Metabolic Englaciation   Hex/Ice        0%         N/A       100%        5
 Yara's Violent Unravell  Hex/Tmut       0%         3d3       100%        5


Dungeon Overview and Level Annotations

Branches:
Dungeon (2/15)

Altars:

Annotations:
D:2 Sigmund


Innate Abilities, Weirdness & Mutations

You have extremely sharp teeth.
When hurt, damage is shared between your health and your magic reserves.
Your bite disrupts and absorbs the magic of your enemies.
Potions cannot restore your health.


Message History

The worm is heavily wounded.
The worm bites you but does no damage.
You hit the worm. You bite the worm. You drain its power.
The worm is almost dead.
You hit the worm.
You kill the worm!
No target in view!
No target in view!
You see here a worm corpse.
d - 8 poisoned darts (gained 2)
Found 20 stones.
You see here 20 stones.
i - a scroll labelled FYNOGR CYHUFIA You open the door.
There is an open door here.
Found a stone staircase leading down.
Sigmund the Dreaded comes into view.
He is wielding a +0 scythe.
Sigmund shouts!
Sigmund casts a spell at you. The puff of flame hits you.
Sigmund hits you with a +0 scythe!
Ouch! That really hurt!
* * * LOW HITPOINT WARNING * * *
Unknown command.
Sigmund misses you. Sigmund casts a spell at you.
You are confused.
You bump into the rock wall.
Sigmund screams, "Don't try to resist!"
You bump into the rock wall.
Sigmund breathes a few words.
Sigmund's hands start flickering wildly.
Sigmund points at you and mumbles some strange words.
You resist with significant effort.
Unknown command.
You bump into the rock wall.
Sigmund closely misses you.
You feel less confused. Sigmund hits you with a +0 scythe!
Ouch! That really hurt!
You die...

...............
###.##..####.....
#...........
#..###...... #..#
#.##.# #..# #.##.# #
#..# #.##.# . #.@#
#.##.# .#
#.@####.##.###.##.#
#..................
##.###<............
###.# ##.###.##.##.#
#...# #.# #.##.#
#.#.# #.# #.##.####
#.#.# #.###........
#.######...........#
#.....#.............


You could see Sigmund.

Vanquished Creatures
  A worm (D:2)
  3 ball pythons (D:1)
  2 endoplasms (D:1)
  A hobgoblin (D:1)
  4 jackals (D:1)
  2 bats (D:1)
  A frilled lizard (D:1)
  A kobold (D:1)
  A rat (D:1)
16 creatures vanquished.

Notes
Turn   | Place    | Note
-------+----------+-------------------------------------------
     0 | D:1      | HAL9000 the Vine Stalker Brigand began the quest for the
                  | Orb.
     0 | D:1      | Reached XP level 1. HP: 11/11 MP: 2/2
    72 | D:1      | Found a faded altar of an unknown god.
   144 | D:1      | Reached XP level 2. HP: 9/15 MP: 3/3
   940 | D:2      | Noticed Sigmund
   957 | D:2      | Mangled by Sigmund

Illustrated notes

Levels and vault maps discovered:
D:1:      dpeg_arrival_ternary, layout_loops_ring, ebering_ecumenical_altar_rust
D:2:      layout_basic, uniq_sigmund

Skill      XL: |  1  2 |
---------------+-------+-----
Throwing       | 2 |  2.5
Short Blades   | 2 |  2.2
Fighting       | |  1.7
Dodging        | |  0.7
Stealth        | |  4.8

Action                   || total
-------------------------++-------
Melee: Dagger            ||    36
       Bite              ||     6
Throw: Dart              ||     2
 Stab: Sleeping          ||     8
       Distracted        ||     1
Armor: Robe              ||    11
Dodge: Dodged            ||    18

Table legend: (Time is in decaauts)
 A = Elapsed time spent in this place.
 B = Non-inter-level travel time spent in this place.
 C = Inter-level travel time spent in this place.
 D = Time resting spent in this place.
 E = Time spent auto-exploring this place.
 F = Levels seen in this place.
 G = Mean time per level.
                   A        B        C        D        E       F      G
               +--------+--------+--------+--------+--------+-----+--------+
         Total |    953 |    940 |     13 |      0 |    809 |   2 |  476.5 |
       Dungeon |    953 |    940 |     13 |      0 |    809 |   2 |  476.5 |
               +--------+--------+--------+--------+--------+-----+--------+

Top non-repeatable levels by time:
     D:1: 848 daAuts
     D:2: 105 daAuts
